 Dungeon Crawl Stone Soup version 0.27-a0-1273-gec92ba881d (webtiles) character file.

Game seed: 1839150671555659880

1350856 Wyvernaa the Gargoyle Barricade (level 27, -3/199 HPs)
             Began as a Gargoyle Fighter on June 7, 2021.
             Was a High Priest of Qazlal.
             Slain by a spectral emperor scorpion (4 damage)
             ... called from beyond by a revenant
             ... on level 3 of the Tomb of the Ancients on June 12, 2021.
             The game lasted 07:32:57 (119052 turns).

Wyvernaa the Gargoyle Barricade (GrFi)            Turns: 119052, Time: 07:32:58

Health: -3/199     AC: 75    Str: 40      XL:     27
Magic:  0/45       EV: 25    Int: 11 (14) God:    Qazlal [*****.]
Gold:   12002      SH: 42    Dex: 20      Spells: 60/62 levels left

rFire    + + .     SeeInvis .   Q - +7 eveningstar of the Scorching Augurer {vorpal, rC+ rN+}
rCold    + + +     Faith    .   i - +6 tower shield {rF+}
rNeg     + + +     Spirit   +   g - +12 gold dragon scales
rPois    ∞         Reflect  .   d - +2 hat of the Bear Spirit {Spirit, +Rage rN+ Will++}
rElec    +         Harm     .   X - +2 cloak of the Gloaming {Dex+4}
rCorr    +         Rampage  +   I - +2 pair of gloves "Nuamp" {-Cast Rampage rF+ Regen+}
Will     +++++     Rnd*Rage +   y - +0 pair of boots Stlth ..........NoCast +
                                z - amulet of Vuibb {rC+ Will+ Regen+ Str+7 Stlth+}
HPRegen  2.43/turn              l - ring "Wagipt" {rF- Will+++ rCorr Str+4 Dex+2}
MPRegen  0.29/turn              c - +6 ring of intelligence

@: protected from physical damage, unable to read, flying, slowed, studying 5
skills, repel missiles, very slow
A: sickness immunity, AC +20, big wings, negative energy resistance 1,
electricity resistance, torment resistance 1, petrification resistance, agile 1,
berserk 2, cold resistance 1, dopey 1, sense surroundings 1, screaming 1,
inability to read while threatened
}: 14/15 runes: decaying, slimy, silver, iron, obsidian, icy, bone, abyssal,
demonic, glowing, magical, fiery, dark, gossamer
a: Renounce Religion, Evoke Berserk Rage, Upheaval, Elemental Force, Disaster
Area


You were on level 3 of the Tomb of the Ancients.
You worshipped Qazlal.
Qazlal was extremely pleased with you.
You visited 18 branches of the dungeon, and saw 90 of its levels.
You visited Pandemonium 1 time, and saw 10 of its levels.
You visited the Abyss 2 times.
You visited 2 bazaars.
You also visited: Trove and Gauntlet.

You collected 15338 gold pieces.
You spent 3336 gold pieces at shops.

Inventory:

Hand Weapons
 Q - the +7 eveningstar of the Scorching Augurer (weapon) {vorpal, rC+ rN+}
   (You acquired it on level 4 of the Swamp)

   It inflicts extra damage upon your enemies.
   It protects you from cold.
   It protects you from negative energy.
 T - the +6 sword of Cerebov {flame}
   (You took it off Cerebov in Pandemonium)

   It has been specially enchanted to burn those struck by it, causing extra
   injury to most foes and up to half again as much damage against particularly
   susceptible opponents.
   Big, fiery blades are also staple armaments of hydra-hunters.
Armour
 d - the +2 hat of the Bear Spirit (worn) {Spirit, +Rage rN+ Will++}
   (You found it on level 7 of the Iron City of Dis)

   It protects you from negative energy.
   It lets you go berserk.
   It greatly increases your willpower.
 g - +12 gold dragon scales (worn)
 i - a +6 tower shield of fire resistance (worn)
 y - a +0 pair of boots (worn)
 I - the +2 pair of gloves "Nuamp" (worn) {-Cast Rampage rF+ Regen+}
   (You found it on level 3 of the Elven Halls)

   It protects you from fire.
   It prevents spellcasting.
   It increases your rate of health regeneration.
   It bestows one free step when moving towards enemies.
 X - the +2 cloak of the Gloaming (worn) {Dex+4}
   (You found it on level 3 of the Elven Halls)

   It affects your dexterity (+4).
Jewellery
 c - a +6 ring of intelligence (right hand)
 h - the necklace of Bloodlust {*Rage +Rage Will++ Int-3 Slay+6}
   (You took it off a deep elf high priest on level 3 of the Elven Halls)

   [amulet of nothing]

   It affects your intelligence (-3).
   It affects your accuracy and damage with ranged weapons and melee attacks
   (+6).
   It lets you go berserk.
   It may make you go berserk in combat.
   It greatly increases your willpower.
 l - the ring "Wagipt" (left hand) {rF- Will+++ rCorr Str+4 Dex+2}
   (You found it on level 7 of Cocytus)

   [ring of resist corrosion]

   It affects your strength (+4).
   It affects your dexterity (+2).
   It makes you vulnerable to fire.
   It protects you from acid and corrosion.
   It greatly increases your willpower.
 n - a ring of positive energy
 x - an amulet of magic regeneration
 z - the amulet of Vuibb (around neck) {rC+ Will+ Regen+ Str+7 Stlth+}
   (You bought it in a shop in a bazaar)

   [amulet of regeneration]

   It affects your strength (+7).
   It protects you from cold.
   It increases your rate of health regeneration.
   It increases your willpower.
   It makes you more stealthy.
 B - the ring of Ynonk {rC+ Slay+4}
   (You found it on level 5 of the Vaults)

   [ring of slaying]

   It affects your accuracy and damage with ranged weapons and melee attacks
   (+4).
   It protects you from cold.
 C - a +6 ring of strength
 E - the ring of Zah Quhakk {Fly rF+ rN+}
   (You took it off a balrug in Pandemonium)

   [ring of flight]

   It protects you from fire.
   It protects you from negative energy.
   It grants you flight.
 P - the amulet "Ixoseen" {rF+ Regen+}
   (You took it off a skeletal warrior on level 7 of Tartarus)

   [amulet of regeneration]

   It protects you from fire.
   It increases your rate of health regeneration.
 V - a +4 ring of slaying
Wands
 f - a wand of acid (24) (quivered)
 j - a wand of polymorph (24)
 o - a wand of mindburst (67)
 D - a wand of flame (147)
 L - a wand of paralysis (25)
 M - a wand of digging (25)
 N - a wand of iceblast (47)
 W - a wand of charming (52)
Scrolls
 b - 8 scrolls of magic mapping
 e - 2 scrolls of amnesia
 k - 12 scrolls of fog
 m - 17 scrolls of enchant weapon
 p - 32 scrolls of teleportation
 r - 3 scrolls of brand weapon
 t - 13 scrolls of fear
 v - 7 scrolls of silence
 J - 3 scrolls of blinking
 R - 12 scrolls of identify
 Y - a scroll of summoning
Potions
 a - 5 potions of berserk rage
 q - 6 potions of invisibility
 s - 6 potions of resistance
 u - 10 potions of curing
 w - 5 potions of ambrosia
 A - 7 potions of brilliance
 F - 11 potions of might
 K - 2 potions of haste
 U - a potion of magic
Miscellaneous
 O - a phantom mirror


   Skills:
 O Level 27 Fighting
 - Level 0.3(0.4) Short Blades
 - Level 0.1(0.3) Long Blades
 - Level 16.0 Maces & Flails
 - Level 0.5 Slings
 - Level 0.2 Bows
 - Level 0.5 Crossbows
 O Level 27 Armour
 * Level 26.6 Dodging
 - Level 4.5 Stealth
 O Level 27 Shields
 * Level 18.3 Spellcasting
 - Level 0.4 Hexes
 - Level 0.5 Summonings
 - Level 0.2 Necromancy
 - Level 0.1 Translocations
 - Level 0.6 Fire Magic
 - Level 0.1 Ice Magic
 - Level 0.5 Air Magic
 - Level 0.1 Earth Magic
 O Level 27 Invocations
 * Level 26.1 Evocations


You had 60 spell levels left.
You knew the following spells:

 Your Spells              Type           Power      Damage    Failure   Level
a - Passwall              Tmut/Erth      8%         N/A       28%         2

Your spell library contained the following spells:

 Spells                   Type           Power      Damage    Failure   Level
 Corona                   Hex            12%        N/A       16%         1
 Summon Small Mammal      Summ           44%        N/A       16%         1
 Animate Skeleton         Necr           20%        N/A       17%         1
 Foxfire                  Conj/Fire      40%        2x1d6     17%         1
 Pain                     Necr           40%        1d6       17%         1
 Apportation              Tloc           20%        N/A       19%         1
 Beastly Appendage        Tmut           20%        N/A       19%         1
 Freeze                   Ice            40%        1d6       19%         1
 Sandblast                Erth           20%        2d7       19%         1
 Shock                    Conj/Air       40%        1d5       19%         1
 Magic Dart               Conj           40%        1d5       21%         1
 Call Imp                 Summ           11%        N/A       24%         2
 Slow                     Hex            11%        N/A       24%         2
 Corpse Rot               Necr/Air       N/A        N/A       26%         2
 Ensorcelled Hibernation  Hex/Ice        20%        N/A       26%         2
 Poisonous Vapours        Pois/Air       20%        N/A       26%         2
 Static Discharge         Conj/Air       10%        N/A       26%         2
 Blink                    Tloc           N/A        N/A       28%         2
 Wereblood                Tmut           10%        N/A       28%         2
 Searing Ray              Conj           20%        3d3       30%         2
 Call Canine Familiar     Summ           11%        N/A       43%         3
 Confusing Touch          Hex            11%        N/A       43%         3
 Inner Flame              Hex/Fire       11%        N/A       43%         3
 Summon Guardian Golem    Hex/Summ       11%        N/A       43%         3
 Swiftness                Air            11%        N/A       43%         3
 Tukima's Dance           Hex            11%        N/A       43%         3
 Conjure Flame            Conj/Fire      10%        6-21      45%         3
 Portal Projectile        Hex/Tloc       20%        N/A       45%         3
 Vampiric Draining        Necr           5%         2d6       45%         3
 Dazzling Flash           Conj/Hex       20%        N/A       47%         3
 Ignite Poison            Fire/Tmut/Pois 10%        N/A       47%         3
 Frozen Ramparts          Ice            20%        1d4       50%         3
 Gell's Gravitas          Tloc           5%         N/A       50%         3
 Lesser Beckoning         Tloc           5%         N/A       50%         3
 Mephitic Cloud           Conj/Pois/Air  10%        N/A       50%         3
 Ozocubu's Armour         Ice            10%        N/A       50%         3
 Spider Form              Tmut/Pois      5%         N/A       50%         3
 Stone Arrow              Conj/Erth      20%        3d8       50%         3
 Teleport Other           Tloc           10%        N/A       50%         3
 Airstrike                Air            5%         N/A       85%         4
 Cause Fear               Hex            5%         N/A       85%         4
 Summon Lightning Spire   Summ/Air       11%        N/A       85%         4
 Animate Armour           Summ/Erth      20%        N/A       86%         4
 Animate Dead             Necr           5%         N/A       86%         4
 Dispel Undead            Necr           10%        3d9       86%         4
 Leda's Liquefaction      Hex/Erth       5%         N/A       86%         4
 Sticky Flame             Conj/Fire      10%        2d3       86%         4
 Summon Ice Beast         Ice/Summ       10%        N/A       86%         4
 Fulminant Prism          Conj/Hex       5%         3d7       87%         4
 Hailstorm                Conj/Ice       10%        3d5       88%         4
 Ice Form                 Ice/Tmut       10%        N/A       88%         4
 Iskenderun's Mystic Bla  Conj/Tloc      10%        2d4       88%         4
 Passage of Golubria      Tloc           N/A        N/A       88%         4
 Petrify                  Tmut/Erth      10%        N/A       88%         4
 Agony                    Necr           10%        N/A       99%         5
 Alistair's Intoxication  Tmut/Pois      6%         N/A       99%         5
 Bolt of Magma            Conj/Fire/Erth 5%         4d5       99%         5
 Borgnjor's Vile Clutch   Necr/Erth      5%         N/A       99%         5
 Excruciating Wounds      Necr           5%         N/A       99%         5
 Freezing Cloud           Conj/Ice/Air   5%         6-21      99%         5
 Irradiate                Conj/Tmut      5%         3d15      99%         5
 Iskenderun's Battlesphe  Conj           10%        2d6       99%         5
 Lee's Rapid Deconstruct  Erth           5%         3d7*      99%         5
 Lightning Bolt           Conj/Air       5%         1d17      99%         5
 Manifold Assault         Tloc           10%        N/A       99%         5
 Metabolic Englaciation   Hex/Ice        5%         N/A       99%         5
 Silence                  Hex/Air        5%         N/A       99%         5
 Summon Forest            Summ/Tloc      5%         N/A       99%         5
 Summon Mana Viper        Hex/Summ       11%        N/A       99%         5
 Yara's Violent Unravell  Hex/Tmut       5%         3d4       99%         5
 Blade Hands              Tmut           5%         N/A       100%        6
 Conjure Ball Lightning   Conj/Air       5%         3x3d6     100%        6
 Death Channel            Necr           5%         N/A       100%        6
 Eringya's Noxious Bog    Tmut/Pois      5%         N/A       100%        6
 Invisibility             Hex            5%         N/A       100%        6
 Iron Shot                Conj/Erth      5%         9d2       100%        6
 Shadow Creatures         Summ           N/A        N/A       100%        6
 Simulacrum               Ice/Necr       5%         N/A       100%        6
 Dragon Form              Tmut           5%         N/A       100%        7
 Orb of Destruction       Conj           5%         9d2       100%        7
 Ozocubu's Refrigeration  Ice            5%         4d6       100%        7
 Spellforged Servitor     Conj/Summ      5%         N/A       100%        7
 Storm Form               Tmut/Air       5%         N/A       100%        7
 Summon Hydra             Summ           5%         N/A       100%        7
 Borgnjor's Revivificati  Necr           5%         N/A       100%        8
 Discord                  Hex            5%         N/A       100%        8
 Ignition                 Fire           5%         3d4       100%        8
 Infestation              Necr           5%         N/A       100%        8
 Lehudib's Crystal Spear  Conj/Erth      5%         10d3      100%        8
 Necromutation            Tmut/Necr      5%         N/A       100%        8
 Summon Horrible Things   Summ           5%         N/A       100%        8
 Chain Lightning          Conj/Air       5%         3d6       100%        9
 Death's Door             Necr           5%         N/A       100%        9
 Dragon's Call            Summ           5%         N/A       100%        9
 Fire Storm               Conj/Fire      5%         8d1       100%        9
 Shatter                  Erth           5%         3d8*      100%        9
 Sublimation of Blood     Necr           Unusable   N/A       N/A         2
 Statue Form              Tmut/Erth      Unusable   N/A       N/A         6

Dungeon Overview and Level Annotations

Branches:
Dungeon (15/15)            Temple (1/1) D:7            Lair (6/6) D:11
  Swamp (4/4) Lair:4       Spider (4/4) Lair:4        Slime (5/5) Lair:5
    Orc (2/2) D:11            Elf (3/3) Orc:2        Vaults (5/5) D:14
  Crypt (3/3) Vaults:3       Tomb (3/3) Crypt:3      Depths (5/5) D:15
   Hell (visited)             Dis (7/7) Hell            Geh (7/7) Hell
    Coc (7/7) Hell            Tar (7/7) Hell            Zot (5/5) Depths:5
Gauntlet (visited)

Altars:
Ashenzari
Cheibriados
Dithmenos
Fedhas
Gozag
Hepliaklqana
Kikubaaqudgha
Makhleb
Nemelex Xobeh
Okawaru
Qazlal
Ru
Sif Muna
Vehumet
Wu Jian
Xom
Yredelemnul
Zin
Beogh
Jiyva

Shops:
Orc:2 :[?*   Elf:1 *   Elf:2 :   Vaults:1 *   Vaults:2 :   Vaults:4 ?
Depths:2 (

Portals:
Hell: Depths:1 Depths:2 Depths:3 Depths:5
Abyss: Depths:4
Pandemonium: Depths:2 Depths:3
Ziggurat: Depths:1

Annotations:
Lair:3 exclusion: obsidian statue
Spider:4 exclusion: ice statue


Innate Abilities, Weirdness & Mutations

You are immune to sickness and miasma.
Your stone body is resilient. (AC +20)
You are immune to poison.
Your large and strong wings let you fly.
You resist negative energy. (rN+)
You are resistant to electric shocks. (rElec)
You are resistant to unholy torment.
You are immune to petrification.
You are agile. (Dex +2)
You often lose your temper in combat.
Your flesh is cold resistant. (rC+)
You are dopey. (Int -2)
You passively map a small area around you.
You occasionally shout uncontrollably at your foes.
You sometimes lose the ability to read scrolls when taking damage.


Message History

Your body is wracked with pain!
* * * LOW HITPOINT WARNING * * *
The death scarab completely misses you.
You block the ancient champion's attack.
The spectral emperor scorpion hits you but does no damage.
The spectral emperor scorpion barely misses you.
You block the spectral emperor scorpion's attack.
The spectral storm dragon closely misses you.
The spectral storm dragon completely misses you.
You block the spectral storm dragon's attack.
The revenant hits you but does no damage.
The ushabti shakes and rattles deafeningly!
You hear a hideous shriek!
You feel better. You block the death scarab's attack.
The death scarab misses you.
You block the ancient champion's attack.
The royal mummy gestures at you while chanting.
Something smites you!
* * * LOW HITPOINT WARNING * * *
You block the spectral storm dragon's attack. x2
The spectral storm dragon misses you.
The death scarab bites you but does no damage.
The death scarab closely misses you.
You block the spectral emperor scorpion's attack. x2
The spectral emperor scorpion barely misses you.
The revenant misses you.
The ancient champion closely misses you.
The royal mummy calls on the powers of darkness!
Your body is wracked with pain!
* * * LOW HITPOINT WARNING * * *
The royal mummy gestures at you while chanting.
Something smites you!
* * * LOW HITPOINT WARNING * * *
The mummy priest utters an invocation to its god.
The spectral storm dragon completely misses you.
The spectral storm dragon claws you.
* * * LOW HITPOINT WARNING * * *
You block the spectral storm dragon's attack.
The death scarab completely misses you. The spectral emperor scorpion hits you.
You die...

* ######## **
, , #°)....#
*, #○°§°?^# ,
, , , #.Zz§§≈#
, #.L@Z..# , ,
#.○B○§.# , , ,
, , #☼○°.B.# ,
, , .≈.≈.3^.+
, ≈
≈≈.#≈MMM.≈# ,
..≈.#≈.M≈≈≈#,,
, , .≈.
#)..≈M≈# ,, ,
, .. #≈≈.≈8.#
, , , M.....M.
,


You could see 4 royal mummies, a revenant, an ancient champion (fast), a mummy
priest, a sun demon (summoned), an ushabti (catching breath), a spectral storm
dragon (summoned), a spectral emperor scorpion (summoned) and 2 death scarabs.

Vanquished Creatures
  Cerebov (Pan)
  Antaeus (Coc:7)
  Asmodeus (Geh:7)
  the Royal Jelly (Slime:5)
  Ereshkigal (Tar:7)
  Gloorx Vloq (Pan)
  Mnoleg (Pan)
  Lom Lobon (Pan)
  Dispater (Dis:7)
  7 dread liches
  8 ancient liches
  Mara (Tomb:1)
  4 orbs of fire (Zot:5)
  A juggernaut (Depths:5)
  Mennas (Depths:5)
  6 pandemonium lords (Pan)
  25 royal mummies
  Frederick (Depths:3)
  6 Killer Klowns
  10 shard shrikes
  Bai Suzhen (Depths:3)
  A curse toe (Zot:3)
  5 caustic shrikes (Depths:5)
  Geryon (Hell)
  The ghost of Lidodu the Tortoise, an adept DDFi of Makhleb (Depths:1)
  12 bone dragons
  12 golden dragons
  A profane servitor (Crypt:1)
  Arachne (Spider:3)
  5 doom hounds
  17 Brimstone Fiends
  13 Tzitzimimeh
  5 electric golems
  11 iron giants
  Jorgrun (Elf:2)
  26 tentacled monstrosities
  17 Ice Fiends
  A hellephant (Pan)
  17 Hell Sentinels
  Asterion (D:15)
  13 liches
  7 titans
  25 Orb Guardians
  25 acid blobs
  9 quicksilver dragons
  A shard shrike skeleton (Crypt:2)
  2 deep elf blademasters (Elf:3)
  20 ancient champions
  2 deep elf master archers (Elf:3)
  21 Executioners
  9 death cobs
  19 sphinxes
  7 draconian monks
  5 tentacled starspawn
  26 shadow dragons
  9 tengu reavers
  Kirke (Lair:4)
  18 storm dragons
  2 thorn hunters
  The ghost of Guegeceo the Severer, an adept HOFi of Ru (Spider:3)
  6 revenants
  12 rockslimes
  5 corrupters (Pan)
  20 fire giants
  12 draconian scorchers
  7 deep elf sorcerers
  7 iron dragons
  Aizul (Depths:3)
  28 balrugs
  9 azure jellies
  15 vault wardens
  28 frost giants
  8 ghouls
  4 draconian knights
  9 emperor scorpions
  5 curse skulls
  6 ghost moths
  6 deep elf elementalists (Elf:3)
  5 draconian stormcallers
  18 cacodemons (Pan)
  2 warmongers (Pan)
  4 draconian shifters
  An ophan (Abyss:1)
  23 ironbound preservers
  5 blood saints (Pan)
  A spriggan defender (Depths:4)
  24 stone giants
  A quicksilver ooze (shapeshifter) (Vaults:4)
  13 quicksilver oozes
  31 very ugly things
  10 draconian annihilators
  30 war gargoyles
  2 black suns (Pan)
  48 reapers
  10 vampire knights
  11 bennus
  10 lorocyprocas
  9 deep elf demonologists
  9 purple draconians
  7 black draconians
  3 spark wasps (Spider:3)
  6 green draconians
  5 elemental wellsprings
  Azrael (Orc:2)
  9 white draconians
  3 eidola
  7 entropy weavers
  15 deep elf annihilators
  A minotaur (Gauntlet)
  7 yellow draconians
  2 bunyips
  2 pearl dragon zombies (Crypt:1)
  9 red draconians
  A merfolk javelineer (Depths:3)
  22 ettins
  14 deep elf death magi
  4 eleionomae
  30 green deaths
  A merfolk impaler (Abyss:3)
  34 blizzard demons
  8 fire dragons
  9 deep elf high priests
  18 mummy priests
  6 jiangshi
  3 quicksilver dragon zombies
  4 hell beasts
  10 ironbound thunderhulks
  18 great orbs of eyes
  28 ice dragons
  17 yaktaur captains
  A naga warrior (Abyss:3)
  12 boulder beetles
  28 vault guards
  4 quicksilver dragon skeletons
  3 catoblepae (Lair:6)
  2 monstrous demonspawn (Pan)
  A peacekeeper (Vaults:3)
  12 rakshasas
  An anaconda (Depths:4)
  5 ogre magi
  3 spriggan air magi
  33 hydras
  3 ghost crabs
  20 centaur warriors
  38 dancing weapons
  4 death knights
  Erica (Orc:2)
  15 ironbound frosthearts
  14 two-headed ogres
  An alligator (Swamp:4)
  14 death yaks
  5 deep troll earth magi
  12 tengu warriors
  31 death scarabs
  7 titan zombies
  A shock serpent (shapeshifter) (Vaults:5)
  29 hell hogs
  10 vampire magi
  2 spriggan berserkers (Depths:3)
  14 thrashing horrors
  3 ironbound beastmasters
  6 deep troll shamans
  19 hell knights
  6 storm dragon zombies
  14 deep elf knights
  56 sun demons
  8 wretched stars
  19 iron golems
  4 titan skeletons
  36 soul eaters
  25 shadow wraiths
  6 glowing orange brains
  A salamander mystic (Depths:5)
  3 spatial maelstroms
  6 goliath frogs
  24 shadow demons
  A sea snake (shapeshifter) (Vaults:5)
  36 sixfirhies
  131 skeletal warriors
  21 iron trolls
  8 torturous demonspawn (Pan)
  70 deep trolls
  A ghost moth zombie (Crypt:2)
  10 anaconda zombies
  7 golden dragon zombies
  4 shadow dragon zombies
  13 bog bodies
  9 spriggan druids
  3 infernal demonspawn (Pan)
  12 flayed ghosts
  A death drake (Zot:4)
  An orange crystal statue (Vaults:2)
  56 large abominations
  7 gelid demonspawn (Pan)
  19 deep elf archers
  3 kraken simulacra (Coc:7)
  14 wizards
  12 swamp dragons
  A spectral iron dragon (Crypt:2)
  14 ironbound convokers
  36 starcursed masses
  8 lindwurms
  5 golden dragon skeletons
  5 fire giant zombies
  2 harpies
  4 will-o-the-wisps
  34 phantasmal warriors
  A wolf spider (shapeshifter) (Depths:1)
  6 anaconda skeletons
  36 deep elf zephyrmancers
  3 iron dragon zombies
  3 oklob plants (Lair:5)
  13 necromancers
  A tengu zombie (Vaults:3)
  29 deep elf pyromancers
  4 frost giant zombies
  15 orc knights
  4 shadow dragon skeletons
  A wolf spider zombie (Dis:7)
  18 orb spiders
  54 ugly things
  An eleionoma zombie (Crypt:1)
  7 cyclopes
  2 human zombies
  4 orc sorcerers
  A shining eye (shapeshifter) (Vaults:5)
  4 elephants (Lair:5)
  31 wolf spiders
  6 manticores
  3 salamanders
  6 stone giant zombies
  36 moths of wrath
  4 shining eyes
  5 worldbinders
  A human skeleton (Vaults:4)
  4 apis skeletons (Crypt:1)
  34 rust devils
  2 iron dragon skeletons
  13 titan simulacra
  A water nymph (shapeshifter) (D:15)
  2 shock serpent zombies
  3 frost giant skeletons
  A guardian serpent (Abyss:3)
  An elephant (shapeshifter) (Elf:2)
  10 molten gargoyles
  4 eyes of devastation
  15 orange demons
  72 smoke demons
  4 stone giant skeletons
  2 black mambas (Lair:5)
  17 vault sentinels
  5 dire elephant zombies
  2 apocalypse crabs
  9 fire giant skeletons
  A cane toad (shapeshifter) (D:15)
  Psyche (D:8)
  A catoblepas zombie (Coc:1)
  A gargoyle (D:10)
  A green draconian zombie (Tar:7)
  9 cane toads
  A shock serpent skeleton (Pan)
  A dire elephant skeleton (Pan)
  5 storm dragon simulacra
  3 torpor snails
  2 ice statues (Coc:7)
  2 grey draconian zombies
  A purple draconian zombie (Crypt:2)
  6 unseen horrors
  19 efreet
  4 emperor scorpion zombies
  35 hellions
  6 komodo dragons
  28 tormentors
  A death yak zombie (Crypt:3)
  40 yaktaurs
  A yaktaur zombie (Vaults:3)
  3 rime drakes
  27 freezing wraiths
  23 demonic crawlers
  A yellow draconian skeleton (Crypt:2)
  33 ice devils
  12 hydra zombies
  7 tengu conjurers
  48 hellwings
  15 ancient zymes
  5 anaconda simulacra
  2 catoblepas skeletons
  45 guardian mummies
  32 red devils
  3 harpy zombies
  A death drake zombie (Crypt:1)
  14 wind drakes (Pan)
  4 polar bears
  23 jumping spiders
  25 hornets
  12 trolls
  9 tyrant leeches
  5 meliai
  5 ice dragon zombies
  A shadow dragon simulacrum (Coc:4)
  2 wolf spider simulacra
  104 slime creatures
  11 hydra skeletons
  18 blink frogs
  14 raiju
  A fire giant simulacrum (Tomb:3)
  3 fire dragon zombies
  2 blink frogs (shapeshifter)
  A human simulacrum (Vaults:3)
  A snapping turtle (shapeshifter) (Vaults:5)
  8 ettin zombies
  2 harpy skeletons
  A stone giant simulacrum (Coc:2)
  A dream sheep (shapeshifter) (D:15)
  9 dream sheep
  8 alligator zombies
  2 iron dragon simulacra
  2 frost giant simulacra
  7 ettin skeletons
  41 tarantellas
  4 air elementals
  A black mamba zombie (Tar:3)
  91 flying skulls
  81 redbacks
  13 water elementals
  5 alligator skeletons
  3 ice dragon skeletons
  16 shadows
  A vampire (Abyss:1)
  19 spriggans
  2 fire bats (Geh:2)
  15 ushabtiu
  20 ynoxinuls
  A fire dragon skeleton (Pan)
  69 yaks
  3 black mamba skeletons
  19 golden eyes
  3 basilisks
  25 wraiths
  2 hogs (Lair:4)
  29 chaos spawn
  20 fire elementals
  34 neqoxecs
  A water nymph zombie (Crypt:3)
  2 elf skeletons
  A glowing shapeshifter zombie (Crypt:1)
  9 wargs
  10 vampire mosquitoes
  22 small abominations
  A faun zombie (Crypt:2)
  2 harpy simulacra
  15 swamp worms
  5 spatial vortices
  5 cane toad zombies
  3 acid dragons
  2 nagas (Abyss:3)
  5 hydra simulacra
  10 water moccasins
  A gelid demonspawn zombie (Crypt:2)
  77 hell hounds
  5 floating eyes
  A floating eye (shapeshifter) (Vaults:5)
  A meliai simulacrum (D:15)
  8 swamp drakes
  2 black bears (Lair:3)
  7 snapping turtle zombies
  5 cane toad skeletons
  5 ice beasts
  39 orc warriors
  2 elephant zombies (Crypt:1)
  A blink frog zombie (Crypt:3)
  10 necrophages
  18 ogres
  A swamp dragon zombie (Geh:7)
  12 wolves
  2 snapping turtle skeletons
  A boggart (Depths:2)
  14 centaurs
  A manticore skeleton (Geh:3)
  6 phantoms
  A kobold brigand (D:10)
  9 bullfrogs
  2 wyvern zombies (D:6)
  A gnoll sergeant (Orc:2)
  3 scorpions
  2 yaktaur skeletons
  A palentonga skeleton (Crypt:2)
  A water moccasin zombie (D:5)
  A troll skeleton (Pan)
  44 wights
  8 howler monkeys
  A spriggan skeleton (Coc:7)
  2 electric eels
  10 crimson imps
  3 bullfrog zombies
  3 hounds
  2 quasits (Abyss:3)
  Crazy Yiuf (D:2)
  4 centaur zombies
  A jelly (D:7)
  11 orc priests
  19 iron imps
  14 orc wizards
  3 iguanas
  Natasha (thrice) (D:2)
  A basilisk skeleton (Crypt:2)
  3 hell rats
  2 killer bee zombies
  A dwarf zombie (Crypt:3)
  2 tengu skeletons
  An ogre skeleton (Geh:7)
  A naga skeleton (Crypt:3)
  54 mummies
  A howler monkey zombie (D:9)
  9 gnolls
  7 adders
  A steam dragon skeleton (Crypt:1)
  8 shadow imps
  A swamp drake skeleton (Crypt:1)
  15 white imps
  3 ufetubi
  An adder zombie (Crypt:1)
  The ghost of dickylongcocking the Sneak, a weakling OpDe (D:6)
  A barachi skeleton (Crypt:3)
  A dart slug (D:2)
  A worm (D:4)
  89 orcs
  7 endoplasms
  3 giant cockroaches (D:1)
  11 goblins
  10 hobgoblins
  8 jackals
  A quokka (D:2)
  6 ball pythons
  2 bats (D:2)
  3 frilled lizards (D:3)
  A frilled lizard zombie (Crypt:1)
  A goblin zombie (Crypt:3)
  7 kobolds
  An orc zombie (Dis:7)
  10 rats
  4 ball lightnings (Pan)
  A starspawn tentacle (Abyss:3)
  4 tentacles (Coc:7)
4803 creatures vanquished.

Vanquished Creatures (collateral kills)
  A Hell Sentinel (Pan)
  A titan (Vaults:5)
  2 acid blobs (Slime:5)
  A tengu reaver (Vaults:5)
  2 vault wardens
  A reaper (Tar:7)
  2 very ugly things (Vaults:5)
  4 quicksilver oozes (Slime:5)
  A great orb of eyes (Slime:5)
  A monstrous demonspawn (Pan)
  A hell beast (Pan)
  A soul eater (Pan)
  A necromancer (Vaults:4)
  An orange demon (Pan)
  A hellion (Pan)
  A neqoxec (Pan)
  A golden eye (Slime:5)
23 creatures vanquished.

Vanquished Creatures (others)
  Khufu (Tomb:2)
  A ghost moth (Spider:4)
  A bennu (Tomb:3)
  A blizzard demon (Pan)
  A mummy priest (Tomb:2)
  A death scarab (Tomb:2)
  An alligator (Swamp:4)
  2 hell hogs
  A storm dragon zombie (Geh:7)
  A deep elf knight (Elf:3)
  A deep elf pyromancer (Elf:3)
  3 necromancers
  An orb spider (Spider:4)
  A moth of wrath (Zot:4)
  2 molten gargoyles
  A smoke demon (Hell)
  A guardian mummy (Tomb:2)
  A troll (Zot:4)
  3 bloated husks
  2 wind drakes (Pan)
  2 flying skulls
  An air elemental (Elf:3)
  A water elemental (Elf:1)
  A wraith (Geh:7)
  A neqoxec (Pan)
  A human (Lair:4)
  2 vampire mosquitoes (Swamp:3)
  3 chaos spawn (Pan)
  A warg (Vaults:5)
  A swamp drake (Swamp:4)
  An orc warrior (D:8)
  A necrophage (Geh:2)
  3 wights
  A starcursed mass (Abyss:3)
  An orc priest (Vaults:5)
  An iron imp (Dis:7)
  2 hell rats (Hell)
  3 mummies
  A white imp (Coc:4)
  6 orcs (D:8)
  An orc zombie (Dis:7)
  2 ball lightnings (Pan)
  2 briar patches
  26 foxfires
  29 fungi
  2 lurking horrors
  95 plants
  18 starspawn tentacles
  14 tentacles (Coc:7)
  A withered plant (Depths:1)
251 creatures vanquished.

Grand Total: 5077 creatures vanquished

Notes
Turn   | Place    | Note
-------+----------+-------------------------------------------
     0 | D:1      | Wyvernaa the Gargoyle Fighter began the quest for the Orb.
     0 | D:1      | Reached XP level 1. HP: 14/14 MP: 1/1
   476 | D:1      | Reached XP level 2. HP: 19/19 MP: 2/2
   502 | D:1      | Found a faded altar of an unknown god.
   844 | D:1      | Reached XP level 3. HP: 16/23 MP: 3/3
  1679 | D:2      | Noticed Natasha
  1707 | D:2      | Killed Natasha
  1708 | D:2      | Reached XP level 4. HP: 22/28 MP: 4/4
  2119 | D:2      | Noticed Natasha
  2125 | D:2      | Killed Natasha
  2126 | D:2      | Reached XP level 5. HP: 31/32 MP: 5/5
  2393 | D:2      | Found an ornate altar of the Wu Jian Council.
  2432 | D:2      | Found a runed translucent door.
  2433 | D:2      | Noticed Crazy Yiuf
  2536 | D:2      | Noticed Natasha
  2540 | D:2      | Killed Natasha
  3520 | D:4      | Noticed a phantom
  3533 | D:4      | Killed a phantom
  3534 | D:4      | Reached XP level 6. HP: 25/38 MP: 6/6
  3802 | D:4      | Found a stormy altar of Qazlal.
  4167 | D:4      | Found a sacrificial altar of Ru.
  4266 | D:4      | Became a worshipper of Qazlal Stormbringer
  4283 | D:5      | Entered Level 5 of the Dungeon
  4384 | D:5      | Reached skill level 5 in Maces & Flails
  4384 | D:5      | Reached skill level 1 in Dodging
  4403 | D:5      | Noticed a water moccasin
  4408 | D:5      | Killed a water moccasin
  4409 | D:5      | Reached XP level 7. HP: 42/44 MP: 7/7
  4552 | D:5      | Noticed a yak
  4582 | D:5      | Killed a yak
  4681 | D:5      | Noticed a yak
  4682 | D:5      | Noticed a yak
  4705 | D:5      | Noticed a yak
  4706 | D:5      | Noticed a yak
  4707 | D:5      | Noticed a yak
  4712 | D:5      | Killed a yak
  4713 | D:5      | Reached skill level 1 in Stealth
  4730 | D:5      | Killed a yak
  4731 | D:5      | Reached XP level 8. HP: 35/48 MP: 8/8
  4734 | D:5      | Killed a yak
  4735 | D:5      | Reached skill level 5 in Armour
  4739 | D:5      | Killed a yak
  4744 | D:5      | Killed a yak
  5047 | D:5      | Reached skill level 5 in Fighting
  5047 | D:5      | Reached skill level 5 in Shields
  5090 | D:5      | Noticed a two-headed ogre
  5194 | D:6      | Reached XP level 9. HP: 43/54 MP: 9/9
  5885 | D:6      | Reached * piety under Qazlal
  6180 | D:6      | Killed an unseen horror
  6357 | D:6      | Found a runed translucent door.
  6360 | D:6      | Found a shimmering altar of Xom.
  6360 | D:6      | Noticed dickylongcocking's ghost (weakling OpDe)
  6361 | D:6      | Noticed a +0 whip of chaos
  6408 | D:6      | Reached skill level 10 in Maces & Flails
  6717 | D:7      | Found a staircase to the Ecumenical Temple.
  7339 | D:7      | Found a glowing silver altar of Zin.
  7340 | D:7      | Noticed an angel
  7733 | D:8      | Reached XP level 10. HP: 59/61 MP: 10/10
  7737 | D:8      | Noticed Psyche
  7953 | D:8      | Found a shimmering blue altar of Sif Muna.
  8186 | D:9      | Identified A Primer on the Hermit's Heritage
  8326 | D:9      | Noticed a two-headed ogre
  9310 | D:9      | Killed a two-headed ogre
 10009 | D:10     | Entered Level 10 of the Dungeon
 10618 | D:10     | Identified the +6 trident "String" {antimagic, Will- Dex+4}
 10715 | D:10     | Found a radiant altar of Vehumet.
 10716 | D:10     | Found a burning altar of Makhleb.
 10779 | D:10     | Noticed a gargoyle
 10797 | D:10     | Killed a gargoyle
 10845 | D:10     | Found a shadowy altar of Dithmenos.
 10846 | D:10     | Found a snail-covered altar of Cheibriados.
 11436 | D:10     | Reached XP level 11. HP: 61/67 MP: 11/11
 11675 | D:11     | Noticed a cyclops
 11687 | D:11     | Killed a cyclops
 11721 | D:11     | Noticed a boulder beetle
 11743 | D:11     | Killed a boulder beetle
 11743 | D:11     | Reached ** piety under Qazlal
 11964 | D:11     | Found a staircase to the Orcish Mines.
 11977 | D:11     | Noticed a boulder beetle
 11999 | D:11     | Killed a boulder beetle
 12166 | D:11     | Found a broken altar of Ashenzari.
 12218 | D:11     | Noticed a five-headed hydra
 12227 | D:11     | Killed a five-headed hydra
 12268 | D:11     | Noticed a two-headed ogre
 12278 | D:11     | Killed a two-headed ogre
 12401 | D:11     | Found a staircase to the Lair.
 12597 | D:11     | Identified the +0 pair of gloves "Zolo" {Str+3}
 12897 | D:12     | You are sucked into a shaft and drop 3 floors!
 12897 | D:15     | Entered Level 15 of the Dungeon
 12911 | D:14     | Noticed a fire dragon
 12913 | D:14     | Noticed a deep troll
 12916 | D:14     | Noticed a necromancer
 12918 | D:14     | Noticed a cyclops
 12930 | D:14     | Noticed a boulder beetle
 12957 | D:14     | Killed a boulder beetle
 12961 | D:14     | Found a gate leading to a gauntlet.
 13106 | Gauntlet | Entered a Gauntlet
 13106 | Gauntlet | Found a runed translucent door.
 13106 | Gauntlet | Found a transporter.
 13106 | Gauntlet | Found a runed translucent door.
 13106 | Gauntlet | Found a runed translucent gate.
 13106 | Gauntlet | Found a transporter.
 13108 | Gauntlet | Found a transporter.
 13108 | Gauntlet | Found a transporter.
 13109 | Gauntlet | Found a runed translucent gate.
 13110 | Gauntlet | Found a runed translucent gate.
 13189 | Gauntlet | Found a transporter.
 13189 | Gauntlet | Found a transporter.
 13192 | Gauntlet | Noticed a worldbinder
 13229 | Gauntlet | Found a transporter.
 13243 | Gauntlet | Found a transporter.
 13246 | Gauntlet | Noticed a hell beast
 13252 | Gauntlet | Found a transporter.
 13268 | Gauntlet | Found a transporter.
 13283 | Gauntlet | Found a transporter.
 13287 | Gauntlet | Found a transporter.
 14065 | Gauntlet | Identified the +0 pair of gloves of Vehumet's Delight
                  | {Will+ Int+8}
 14095 | Gauntlet | Identified the +6 glaive "Bung" {holy, Will++}
 14095 | Gauntlet | Noticed a minotaur
 14120 | Gauntlet | Killed a minotaur
 14121 | Gauntlet | Reached XP level 12. HP: 27/73 MP: 12/12
 14729 | D:12     | Noticed a boulder beetle
 14786 | D:12     | Killed a boulder beetle
 14787 | D:12     | Reached skill level 10 in Shields
 14967 | D:12     | Found a hazy altar of Hepliaklqana.
 15138 | D:13     | Noticed a tengu warrior
 15215 | Lair:1   | Entered Level 1 of the Lair of Beasts
 16093 | Lair:2   | Reached *** piety under Qazlal
 16127 | Lair:2   | Reached skill level 1 in Invocations
 16907 | Lair:2   | You are sucked into a shaft and drop 1 floor!
 16952 | Lair:3   | Identified a scroll of acquirement
 16953 | Lair:3   | Acquired the amulet of Xypsusch {Acrobat rPois rCorr Slay+5
                  | Stlth-}
 17024 | Lair:3   | Noticed a six-headed hydra
 17042 | Lair:3   | Killed a six-headed hydra
 17043 | Lair:3   | Reached XP level 13. HP: 68/79 MP: 10/15
 17851 | Lair:3   | Identified the +1 leather armour "Billeok" {rF++ Str+2}
 18050 | Lair:4   | Reached **** piety under Qazlal
 18126 | Lair:4   | Reached skill level 5 in Dodging
 18388 | Lair:4   | Found a staircase to the Swamp.
 18637 | D:8      | Killed Psyche
 20000 | Lair:4   | Found a hole to the Spider Nest.
 21214 | Lair:4   | Reached skill level 5 in Invocations
 21891 | Lair:5   | Identified the +7 ring mail "Meymp" {Str+4 Dex+2 Stlth+}
 21909 | Lair:5   | Found a staircase to the Slime Pits.
 21989 | Lair:5   | Reached skill level 10 in Armour
 22543 | Lair:6   | Entered Level 6 of the Lair of Beasts
 22587 | Lair:6   | Gained mutation: Your large and strong wings let you fly.
                  | [Gargoyle growth]
 22587 | Lair:6   | Reached XP level 14. HP: 42/87 MP: 18/18
 22836 | Lair:6   | Reached skill level 10 in Fighting
 24448 | Lair:6   | Reached ***** piety under Qazlal
 25530 | D:13     | Reached XP level 15. HP: 93/93 MP: 21/21
 25957 | D:13     | Found a portal to a secret trove of treasure.
 27077 | D:14     | Reached skill level 15 in Shields
 27514 | D:14     | Found a gate to the Vaults.
 28295 | D:15     | Reached ****** piety under Qazlal
 28666 | D:15     | Found a staircase to the Depths.
 28770 | Orc:1    | Entered Level 1 of the Orcish Mines
 29095 | Orc:2    | Entered Level 2 of the Orcish Mines
 29141 | Orc:1    | Noticed Erica
 30022 | Orc:2    | Noticed Azrael
 30026 | Orc:2    | Killed Azrael
 30027 | Orc:2    | Reached XP level 16. HP: 101/101 MP: 15/23
 30252 | Orc:2    | Found a staircase to the Elven Halls.
 30309 | Orc:2    | Reached skill level 10 in Invocations
 30676 | Orc:2    | Found Sentit's Magic Scroll Emporium.
 30676 | Orc:2    | Found Siesmunu's Assorted Antiques.
 31016 | Orc:2    | Found Xugupp's Book Emporium.
 31016 | Orc:2    | Found Xunafarr's Armour Shop.
 31315 | Orc:2    | Bought a coral ring for 170 gold pieces
 31315 | Orc:2    | Bought an ancient chain mail for 323 gold pieces
 31315 | Orc:2    | Identified the +7 chain mail "Nogyath" {rN+} (You bought it
                  | in a shop on level 2 of the Orcish Mines)
 31315 | Orc:2    | Bought a scroll of teleportation for 102 gold pieces
 31439 | Orc:2    | Killed Erica
 32010 | D:15     | Found an iron altar of Okawaru.
 32010 | D:15     | Found a snail-covered altar of Cheibriados.
 32011 | D:15     | Found a shimmering altar of Xom.
 32583 | D:15     | Noticed a storm dragon
 32600 | D:15     | Killed a storm dragon
 32610 | D:15     | Identified the +0 buckler "Gopsezer" {+Inv}
 32755 | D:15     | Paralysed by something for 6 turns
 33065 | D:15     | Reached XP level 17. HP: 108/108 MP: 25/25
 33612 | Spider:1 | Entered Level 1 of the Spider Nest
 33619 | Spider:1 | Noticed Kirke
 33873 | Lair:4   | Killed Kirke
 34914 | Spider:1 | Found a runed translucent door.
 36908 | Spider:3 | Noticed Guegeceo's ghost (adept HOFi)
 36915 | Spider:3 | Found a runed translucent gate.
 36915 | Spider:3 | Found a runed translucent gate.
 36917 | Spider:3 | Found a runed translucent gate.
 37309 | Spider:3 | Reached XP level 18. HP: 114/114 MP: 27/27
 38208 | Spider:4 | Entered Level 4 of the Spider Nest
 38349 | Spider:4 | Noticed Arachne
 38403 | Spider:3 | Reached skill level 1 in Evocations
 39357 | Spider:3 | Killed Arachne
 40028 | Spider:4 | Identified the +1 robe of Poor Excuses {rC+ Int+4}
 40886 | Spider:4 | Reached skill level 10 in Dodging
 41291 | Spider:4 | Got a gossamer rune of Zot
 42156 | D:2      | Killed Crazy Yiuf
 42317 | D:6      | Killed dickylongcocking's ghost
 42769 | Spider:3 | Killed Guegeceo's ghost
 42943 | Swamp:1  | Entered Level 1 of the Swamp
 43336 | Swamp:1  | Found a radiant altar of Vehumet.
 44165 | Swamp:1  | Reached XP level 19. HP: 44/120 MP: 28/28
 45811 | Swamp:3  | Upgraded the game from 0.27-a0-1228-gfd60fd639a to
                  | 0.27-a0-1245-g940ed4fa31
 45987 | Swamp:3  | Identified the +9 quarterstaff "Luap Xohuci" {vorpal, rElec
                  | Dex+3}
 46434 | Swamp:3  | Found a hazy altar of Hepliaklqana.
 46719 | Swamp:4  | Entered Level 4 of the Swamp
 47146 | Swamp:4  | Reached skill level 5 in Evocations
 47853 | Swamp:4  | Acquired the +7 eveningstar of the Scorching Augurer
                  | {vorpal, rC+ rN+}
 47973 | Swamp:4  | Got a decaying rune of Zot
 48482 | Vaults:1 | Entered Level 1 of the Vaults
 48542 | Vaults:1 | Found Hiaraisi's General Store.
 49206 | Vaults:1 | Reached XP level 20. HP: 89/128 MP: 30/30
 49763 | Vaults:2 | Upgraded the game from 0.27-a0-1245-g940ed4fa31 to
                  | 0.27-a0-1256-gced786f65e
 50310 | Vaults:2 | Found Zogukk's Book Shoppe.
 50673 | Vaults:2 | Reached skill level 15 in Maces & Flails
 50915 | Vaults:2 | Reached skill level 15 in Fighting
 51221 | Vaults:2 | Upgraded the game from 0.27-a0-1256-gced786f65e to
                  | 0.27-a0-1273-gec92ba881d
 51614 | Vaults:3 | Found a staircase to the Crypt.
 51667 | Vaults:3 | Reached XP level 21. HP: 115/134 MP: 31/31
 52678 | Vaults:1 | Bought a potion of curing for 54 gold pieces
 54676 | Vaults:4 | Reached skill level 15 in Invocations
 55313 | Vaults:4 | Reached XP level 22. HP: 132/143 MP: 31/33
 55771 | Vaults:4 | Found Effeinoa's Magic Scroll Shop.
 55775 | Vaults:4 | Bought a scroll of teleportation for 63 gold pieces
 55775 | Vaults:4 | Bought a scroll of teleportation for 63 gold pieces
 55775 | Vaults:4 | Bought a scroll of teleportation for 63 gold pieces
 55775 | Vaults:4 | Bought a scroll of holy word for 157 gold pieces
 55775 | Vaults:4 | Bought a scroll of teleportation for 63 gold pieces
 55775 | Vaults:4 | Bought a scroll of magic mapping for 73 gold pieces
 55775 | Vaults:4 | Bought a scroll of enchant weapon for 157 gold pieces
 56081 | Crypt:1  | Entered Level 1 of the Crypt
 56785 | Crypt:1  | Found a basalt altar of Yredelemnul.
 56790 | Crypt:1  | Noticed a profane servitor
 56804 | Crypt:1  | Killed a profane servitor
 58365 | Crypt:2  | Identified the +9 halberd "Ciyxyho Bank" {speed, Str+3}
 58960 | Crypt:3  | Entered Level 3 of the Crypt
 59102 | Crypt:3  | Noticed an ancient lich
 59120 | Crypt:3  | Killed an ancient lich
 59121 | Crypt:3  | Reached XP level 23. HP: 150/150 MP: 34/34
 59165 | Crypt:3  | Noticed a dread lich
 60042 | Crypt:3  | Found a staircase to the Tomb.
 60173 | Crypt:3  | Gained mutation: You tend to lose your temper in combat. [a
                  | cacodemon]
 60195 | Crypt:3  | Paralysed by a dread lich for 2 turns
 60196 | Crypt:3  | Noticed an ancient lich
 60204 | Crypt:3  | Killed a dread lich
 60212 | Crypt:3  | Killed an ancient lich
 61269 | Vaults:5 | Entered Level 5 of the Vaults
 61576 | Vaults:4 | Reached skill level 10 in Evocations
 62127 | Vaults:4 | Reached XP level 24. HP: 72/158 MP: 2/35
 62824 | Vaults:5 | Got a silver rune of Zot
 62839 | Vaults:5 | Identified the +9 dagger of the Extremes {flame, Will-
                  | Str+9}
 62840 | Vaults:5 | Identified the ring of Ynonk {rC+ Slay+4}
 62842 | Vaults:5 | Identified the +9 morningstar of Fograoc {vorpal, rElec
                  | rF+++ MP-9 Dex-4}
 63044 | Vaults:5 | Noticed an ancient lich
 63059 | Vaults:5 | Killed an ancient lich
 63549 | Vaults:5 | Identified the amulet "Tieqiuho" {Faith +Blink rPois rC+
                  | Will+}
 63551 | Vaults:5 | Noticed a dread lich
 63583 | Vaults:5 | Paralysed by a dread lich for 5 turns
 64390 | Vaults:4 | Killed a dread lich
 64930 | Vaults:5 | Identified the amulet of the Peasants {rElec rC- Regen+
                  | Str+3}
 65145 | Vaults:5 | Identified the +1 chain mail "Agyuwne" {Contam rCorr Dex+4}
 65151 | Vaults:5 | Identified the +2 trident of Symmetry {protect, rPois rF+
                  | Will+ rCorr}
 65582 | Depths:1 | Entered Level 1 of the Depths
 65582 | Depths:1 | Found a gateway to Hell.
 65612 | D:15     | Acquired a manual of Dodging
 65675 | Depths:1 | Noticed Asterion
 65955 | D:15     | Killed Asterion
 66041 | Depths:1 | Gained mutation: Armour fits poorly on your strangely
                  | shaped body. [a shining eye]
 66135 | Depths:1 | Reached XP level 25. HP: 165/166 MP: 35/35
 66198 | Depths:1 | Found an ancient bone altar of Kikubaaqudgha.
 66395 | Depths:1 | Found a gateway to a ziggurat.
 66438 | Depths:1 | Found a runed translucent gate.
 66438 | Depths:1 | Found a runed translucent gate.
 66438 | Depths:1 | Found a runed translucent gate.
 66441 | Depths:1 | Noticed Lidodu's ghost (adept DDFi)
 66443 | Depths:1 | Found a viscous altar of Jiyva.
 66504 | Depths:1 | Killed Lidodu's ghost
 66631 | Depths:1 | Identified the +0 helmet "Yleded" {Harm Str-3 SInv}
 66954 | Depths:2 | Noticed an ancient lich
 67057 | Depths:2 | Found a transporter.
 67058 | Depths:2 | Found a radiant altar of Vehumet.
 67059 | Depths:2 | Found the +1 cloak of Starlight {*Dazzle EV+4 Stlth--}
 67143 | Depths:2 | Found a runed translucent door.
 67204 | Depths:2 | Reached skill level 15 in Armour
 67692 | Depths:2 | Found Xosuonui's Weapon Shoppe.
 67789 | Depths:2 | Found a one-way gate leading to the halls of Pandemonium.
 68015 | Depths:2 | Killed an ancient lich
 68469 | Depths:2 | Found a transporter.
 68920 | Depths:3 | Noticed Frederick
 68932 | Depths:3 | Killed Frederick
 69119 | Depths:3 | Noticed Aizul
 69138 | Depths:3 | Killed Aizul
 69630 | Depths:3 | Noticed Bai Suzhen
 69646 | Depths:3 | Killed Bai Suzhen
 69650 | Depths:3 | Reached XP level 26. HP: 174/174 MP: 35/35
 70691 | Depths:4 | Found a one-way gate to the infinite horrors of the Abyss.
 70753 | Depths:4 | Found an opulent altar of Gozag.
 71463 | Depths:5 | Entered Level 5 of the Depths
 71474 | Depths:5 | Reached skill level 15 in Dodging
 71500 | Depths:5 | Noticed Mennas
 71521 | Depths:5 | Killed Mennas
 71568 | Depths:5 | Noticed a juggernaut
 71587 | Depths:5 | Killed a juggernaut
 72343 | Depths:5 | Found a gate to the Realm of Zot.
 72586 | Depths:5 | Found a stormy altar of Qazlal.
 72588 | Depths:5 | Found a basalt altar of Yredelemnul.
 72588 | Depths:5 | Found a shimmering altar of Xom.
 72590 | Depths:5 | Found a burning altar of Makhleb.
 72590 | Depths:5 | Found a shimmering altar of Xom.
 72590 | Depths:5 | Found a blossoming altar of Fedhas.
 73035 | Depths:5 | Found a gateway to a bazaar.
 73199 | Bazaar   | Entered a bazaar
 73199 | Bazaar   | Found Enwodiso's Magic Scroll Emporium.
 73215 | Bazaar   | Found Duxker's General Store.
 73239 | Bazaar   | Found Beesch's Magic Scroll Shoppe.
 73245 | Bazaar   | Found Dojikh's Weapon Shoppe.
 73271 | Bazaar   | Bought a scroll of brand weapon for 180 gold pieces
 73271 | Bazaar   | Bought a scroll of holy word for 67 gold pieces
 73271 | Bazaar   | Bought 2 scrolls of blinking for 135 gold pieces
 73271 | Bazaar   | Bought a scroll of teleportation for 27 gold pieces
 73279 | Bazaar   | Bought a scroll of enchant armour for 67 gold pieces
 73279 | Bazaar   | Bought a scroll of teleportation for 27 gold pieces
 73279 | Bazaar   | Bought 2 scrolls of enchant weapon for 135 gold pieces
 73279 | Bazaar   | Bought a scroll of enchant weapon for 67 gold pieces
 73279 | Bazaar   | Bought a scroll of enchant armour for 67 gold pieces
 73295 | Bazaar   | Bought a scroll of enchant armour for 120 gold pieces
 73295 | Bazaar   | Bought a potion of heal wounds for 80 gold pieces
 73311 | Bazaar   | Bought a scroll of magic mapping for 31 gold pieces
 73641 | Elf:1    | Entered Level 1 of the Elven Halls
 73720 | Elf:1    | Found a radiant altar of Vehumet.
 73907 | Elf:1    | Reached XP level 27. HP: 168/182 MP: 36/36
 74588 | Elf:1    | Found Vaculell's Assorted Antiques.
 75155 | Elf:2    | Noticed Jorgrun
 75168 | Elf:2    | Killed Jorgrun
 75341 | Elf:2    | Found Huimat's One-of-a-Kind Books.
 75408 | Elf:2    | Found a runed translucent gate.
 75409 | Elf:2    | Found a runed translucent gate.
 75410 | Elf:2    | Found a runed translucent gate.
 75936 | Elf:2    | Acquired a manual of Evocations
 75993 | Elf:3    | Entered Level 3 of the Elven Halls
 76083 | Elf:3    | Found a flickering gateway to a bazaar.
 76088 | Bazaar   | Entered a bazaar
 76420 | Bazaar   | Found Etobba's Weapon Boutique.
 76442 | Bazaar   | Found Cykiunn's Distillery.
 76442 | Bazaar   | Found Natint's Book Boutique.
 76450 | Bazaar   | Bought a potion of curing for 39 gold pieces
 76450 | Bazaar   | Bought a potion of heal wounds for 65 gold pieces
 76450 | Bazaar   | Bought a potion of curing for 39 gold pieces
 76450 | Bazaar   | Bought a potion of curing for 39 gold pieces
 76468 | Bazaar   | Found Nigros's Jewellery Shop.
 76476 | Bazaar   | Bought the amulet of Vuibb {rC+ Will+ Regen+ Str+7 Stlth+}
                  | for 603 gold pieces
 76946 | D:13     | You paid a toll of 17 potions of curing to enter a treasure
                  | trove
 76947 | Trove    | Entered a treasure trove
 76968 | Trove    | Identified Sif Muna's Volume of Unholy Rituals and the
                  | Escort
 76996 | Trove    | Identified Sif Muna's Volume of the Birds
 77554 | Elf:3    | Identified the +7 war axe of Dismay {elec, *Corrode rElec
                  | Str+3 SInv}
 77641 | Elf:3    | Identified the +2 cloak of the Gloaming {Dex+4}
 77668 | Elf:3    | Identified the +2 pair of gloves "Nuamp" {-Cast Rampage rF+
                  | Regen+}
 78203 | Elf:3    | Identified the +1 ring mail "Tommeshre" {Fly}
 78435 | Elf:3    | Identified the Handbook of the Rocks
 79020 | Zot:1    | Entered Level 1 of the Realm of Zot
 79784 | Zot:2    | Noticed a dread lich
 79834 | Zot:2    | Reached skill level 27 in Shields
 79985 | Zot:2    | Paralysed by something for 5 turns
 80643 | Zot:2    | Identified the +0 scale mail of Xoyruol {-Tele rElec Will+
                  | Int+2}
 80777 | Zot:2    | Paralysed by a dread lich for 3 turns
 80782 | Zot:2    | Killed a dread lich
 81065 | Zot:3    | Reached skill level 15 in Evocations
 84706 | Zot:5    | Entered Level 5 of the Realm of Zot
 85869 | Zot:5    | Noticed an ancient lich
 85880 | Zot:5    | Noticed a dread lich
 85882 | Zot:5    | Noticed an orb of fire
 85885 | Zot:5    | Noticed an orb of fire
 85911 | Zot:4    | Killed an ancient lich
 86123 | Zot:5    | Killed an orb of fire
 86123 | Zot:5    | Killed an orb of fire
 86123 | Zot:5    | Killed a dread lich
 86997 | Zot:5    | Noticed an orb of fire
 87002 | Zot:5    | Noticed an orb of fire
 87005 | Zot:5    | Noticed a dread lich
 87006 | Zot:5    | Killed an orb of fire
 87009 | Zot:5    | Noticed an ancient lich
 87012 | Zot:5    | Gained mutation: You have a pair of small horns on your
                  | head. [an orb of fire]
 87021 | Zot:5    | Noticed an ancient lich
 87022 | Zot:5    | Killed an orb of fire
 87293 | Zot:5    | Killed an ancient lich
 87364 | Zot:5    | Killed a dread lich
 87385 | Zot:5    | Noticed an ancient lich
 87393 | Zot:5    | Killed an ancient lich
 87404 | Zot:5    | Killed an ancient lich
 88234 | Slime:1  | Entered Level 1 of the Pits of Slime
 88237 | Slime:1  | Gained mutation: You are dopey. (Int -2) [a shining eye]
 88239 | Slime:1  | Gained mutation: Your flesh is cold resistant. (rC+) [a
                  | shining eye]
 88812 | Slime:5  | Entered Level 5 of the Pits of Slime
 89253 | Slime:5  | Noticed the Royal Jelly
 89267 | Slime:5  | Killed the Royal Jelly
 89442 | Slime:5  | Paralysed by a floating eye for 3 turns
 89450 | Slime:5  | Paralysed by a floating eye for 2 turns
 89496 | Slime:5  | Paralysed by a floating eye for 2 turns
 89519 | Slime:5  | Paralysed by a floating eye for 4 turns
 89624 | Slime:5  | Found the +8 glaive of the Guard {elec, spectral, AC+5}
 89666 | Slime:5  | Identified Ixyguil's Reference Book on the Floating
                  | Snowflakes
 89718 | Slime:5  | Got a slimy rune of Zot
 89734 | Slime:5  | Identified the ring of the Kraken {*Slow rPois Will+ Dex+6}
 90370 | Slime:3  | You are sucked into a shaft and drop 1 floor!
 90960 | Lair:5   | Lost mutation: You are dopey. (Int -2) [potion of mutation]
 90960 | Lair:5   | Lost mutation: You have a pair of small horns on your head.
                  | [potion of mutation]
 90960 | Lair:5   | Lost mutation: Armour fits poorly on your strangely shaped
                  | body. [potion of mutation]
 90960 | Lair:5   | Gained mutation: You are weak. (Str -2) [potion of
                  | mutation]
 90960 | Lair:5   | Gained mutation: You have a pair of small horns on your
                  | head. [potion of mutation]
 90960 | Lair:5   | Lost mutation: You tend to lose your temper in combat.
                  | [potion of mutation]
 91363 | Depths:4 | Voluntarily entered the Abyss.
 91363 | Abyss:1  | Found an ancient bone altar of Kikubaaqudgha.
 91536 | Abyss:1  | Noticed a dread lich
 91559 | Abyss:1  | Killed a dread lich
 91636 | Abyss:1  | Gained mutation: You are very weak. (Str -4) [a neqoxec]
 91646 | Abyss:1  | Gained mutation: You are dopey. (Int -2) [a neqoxec]
 92110 | Abyss:3  | Noticed a dread lich
 92119 | Abyss:3  | Killed a dread lich
 92582 | Abyss:3  | Found a corrupted altar of Lugonu.
 92775 | Abyss:3  | Paralysed by accursed screaming for 1 turns
 92781 | Abyss:3  | Paralysed by accursed screaming for 1 turns
 92893 | Abyss:3  | Found a corrupted altar of Lugonu.
 92952 | Abyss:3  | Found a corrupted altar of Lugonu.
 93033 | Abyss:3  | Got an abyssal rune of Zot
 93041 | Depths:4 | Escaped the Abyss
 93264 | Orc:2    | Bought a scroll of teleportation for 30 gold pieces
 93264 | Orc:2    | Bought a scroll of blinking for 75 gold pieces
 93264 | Orc:2    | Bought a scroll of teleportation for 30 gold pieces
 93264 | Orc:2    | Bought a scroll of teleportation for 30 gold pieces
 93264 | Orc:2    | Bought a scroll of summoning for 95 gold pieces
 93521 | Hell     | Entered the Vestibule of Hell
 93521 | Hell     | Noticed Geryon
 93533 | Hell     | Killed Geryon
 93547 | Hell     | Reached skill level 27 in Fighting
 94072 | Hell     | Found a gateway to the ashen valley of Gehenna.
 94135 | Hell     | Found a gateway to the Iron City of Dis.
 94267 | Hell     | Found a gateway to the freezing wastes of Cocytus.
 94383 | Hell     | Found a gateway to the decaying netherworld of Tartarus.
 94604 | Geh:1    | Entered Level 1 of Gehenna
 95491 | Geh:7    | Entered Level 7 of Gehenna
 96178 | Geh:7    | Found the +7 sceptre of Asmodeus
 96178 | Geh:7    | Noticed Asmodeus
 96209 | Geh:7    | Killed Asmodeus
 96223 | Geh:7    | Got an obsidian rune of Zot
 96366 | Geh:7    | Identified the +1 ring mail of the Vaults {rN+}
 96576 | Coc:1    | Entered Level 1 of Cocytus
 97380 | Coc:7    | Entered Level 7 of Cocytus
 97445 | Coc:7    | Reached skill level 27 in Armour
 97851 | Coc:7    | Noticed Antaeus
 97891 | Coc:7    | Killed Antaeus
 98008 | Coc:7    | Identified the amulet of Mutualism {Reflect rCorr SH+5 SInv
                  | Stlth-}
 98019 | Coc:7    | Got an icy rune of Zot
 98024 | Coc:7    | Identified the ring "Wagipt" {rF- Will+++ rCorr Str+4
                  | Dex+2}
 98460 | Coc:7    | Identified the Almanac of Evil
 98786 | Dis:1    | Entered Level 1 of the Iron City of Dis
100044 | Dis:7    | Entered Level 7 of the Iron City of Dis
100669 | Dis:7    | Found the +4 staff of Dispater
100669 | Dis:7    | Noticed Dispater
100731 | Dis:7    | Killed Dispater
100851 | Dis:7    | Identified the +4 hunting sling of Tatul {venom, rElec rF-
                  | rCorr Stlth+}
100856 | Dis:7    | Got an iron rune of Zot
101322 | Dis:7    | Reached skill level 27 in Invocations
101553 | Dis:7    | Identified the Papyrus of the Arsonist
101725 | Dis:7    | Found the +2 hat of the Bear Spirit {Spirit, +Rage rN+
                  | Will++}
101728 | Dis:7    | Identified the +4 quarterstaff of Imbalance {vamp, rN+}
102115 | Tar:1    | Entered Level 1 of Tartarus
102135 | Tar:1    | Reached skill level 1 in Spellcasting
102572 | Tar:7    | Entered Level 7 of Tartarus
102609 | Tar:7    | Reached skill level 5 in Spellcasting
103021 | Tar:7    | Noticed Ereshkigal
103059 | Tar:7    | Killed Ereshkigal
103258 | Tar:7    | Identified the amulet "Ixoseen" {rF+ Regen+}
103401 | Tar:7    | Got a bone rune of Zot
103538 | Pan      | Entered Pandemonium
103655 | Pan      | Noticed Pitiwnyo the pandemonium lord
103662 | Pan      | Killed Pitiwnyo the pandemonium lord
103739 | Pan      | Acquired 646 gold pieces
104378 | Pan      | Entered the realm of Gloorx Vloq.
104537 | Pan      | Reached skill level 10 in Spellcasting
105444 | Pan      | Noticed Gloorx Vloq
105456 | Pan      | Killed Gloorx Vloq
105529 | Pan      | Got a dark rune of Zot
106105 | Pan      | Gained mutation: You are partially covered in iridescent
                  | scales. (AC +2) [a cacodemon]
106106 | Pan      | Gained mutation: You are clumsy. (Dex -2) [a cacodemon]
106183 | Pan      | Noticed Fosyri the pandemonium lord
106206 | Pan      | Killed Fosyri the pandemonium lord
106258 | Pan      | Gained mutation: Armour fits poorly on your strangely
                  | shaped body. [a neqoxec]
106259 | Pan      | Gained mutation: You do not regenerate when monsters are
                  | visible. [a neqoxec]
107035 | Pan      | Found an exit through the horrors of the Abyss.
107140 | Pan      | Noticed Mitel the pandemonium lord
107163 | Pan      | Killed Mitel the pandemonium lord
107301 | Pan      | Gained mutation: You tend to lose your temper in combat. [a
                  | cacodemon]
107354 | Pan      | Lost mutation: You are clumsy. (Dex -2) [potion of
                  | mutation]
107354 | Pan      | Lost mutation: Your flesh is cold resistant. (rC+) [potion
                  | of mutation]
107354 | Pan      | Gained mutation: Your spells are a little harder to cast,
                  | but a little more powerful. [potion of mutation]
107354 | Pan      | Lost mutation: You are very weak. (Str -4) [potion of
                  | mutation]
107354 | Pan      | Gained mutation: You are robust. (+10% HP) [potion of
                  | mutation]
107355 | Pan      | Lost mutation: You are partially covered in iridescent
                  | scales. (AC +2) [potion of mutation]
107355 | Pan      | Lost mutation: You tend to lose your temper in combat.
                  | [potion of mutation]
107355 | Pan      | Lost mutation: You have a pair of small horns on your head.
                  | [potion of mutation]
107355 | Pan      | Lost mutation: You are dopey. (Int -2) [potion of mutation]
107356 | Pan      | Lost mutation: You are robust. (+10% HP) [potion of
                  | mutation]
107356 | Pan      | Gained mutation: Your body sometimes deteriorates upon
                  | taking damage. [potion of mutation]
107356 | Pan      | Gained mutation: You evolve. [potion of mutation]
107357 | Pan      | Lost mutation: You evolve. [potion of mutation]
107357 | Pan      | Lost mutation: You are weak. (Str -2) [potion of mutation]
107357 | Pan      | Lost mutation: Your body sometimes deteriorates upon taking
                  | damage. [potion of mutation]
107357 | Pan      | Gained mutation: You have a pair of small horns on your
                  | head. [potion of mutation]
107357 | Pan      | Gained mutation: You expend magic power (3 MP) to
                  | strengthen your wands. [potion of mutation]
107357 | Pan      | Gained mutation: You are partially covered in iridescent
                  | scales. (AC +2) [potion of mutation]
107357 | Pan      | Gained mutation: You possess an exceptional clarity of
                  | mind. [potion of mutation]
107519 | Pan      | Gained mutation: Your magical capacity is low. (-10% MP) [a
                  | neqoxec]
107635 | Pan      | Gained mutation: You are clumsy. (Dex -2) [a neqoxec]
107636 | Pan      | Gained mutation: Your magical capacity is very low. (-20%
                  | MP) [a neqoxec]
107758 | Pan      | Lost mutation: Your spells are a little harder to cast, but
                  | a little more powerful. [potion of mutation]
107758 | Pan      | Lost mutation: You possess an exceptional clarity of mind.
                  | [potion of mutation]
107758 | Pan      | Lost mutation: You expend magic power (3 MP) to strengthen
                  | your wands. [potion of mutation]
107758 | Pan      | Gained mutation: Your mind is acute. (Int +2) [potion of
                  | mutation]
107758 | Pan      | Lost mutation: You do not regenerate when monsters are
                  | visible. [potion of mutation]
107758 | Pan      | Gained mutation: You have supernaturally acute eyesight.
                  | (SInv) [potion of mutation]
107844 | Pan      | Noticed Berups the pandemonium lord
107863 | Pan      | Killed Berups the pandemonium lord
108166 | Pan      | Found an exit through the horrors of the Abyss.
108636 | Pan      | Gained mutation: You tend to lose your temper in combat. [a
                  | cacodemon]
108645 | Pan      | Noticed Onamy the pandemonium lord
108658 | Pan      | Killed Onamy the pandemonium lord
108807 | Pan      | Got a demonic rune of Zot
108882 | Pan      | Found an exit through the horrors of the Abyss.
109379 | Pan      | Noticed Luemehyi the pandemonium lord
109395 | Pan      | Killed Luemehyi the pandemonium lord
109828 | Pan      | Found an exit through the horrors of the Abyss.
109985 | Pan      | Entered the realm of Mnoleg.
109995 | Pan      | Found an exit through the horrors of the Abyss.
110017 | Pan      | Lost mutation: Your mind is acute. (Int +2) [a cacodemon]
110028 | Pan      | Gained mutation: You are dopey. (Int -2) [a cacodemon]
110047 | Pan      | Lost mutation: Your magical capacity is very low. (-20% MP)
                  | [a neqoxec]
110067 | Pan      | Gained mutation: Potions are less effective at restoring
                  | your health. [a neqoxec]
110080 | Pan      | Gained mutation: You often lose your temper in combat. [a
                  | neqoxec]
110084 | Pan      | Gained mutation: Your magical capacity is very low. (-20%
                  | MP) [a neqoxec]
110140 | Pan      | Gained mutation: You do not regenerate when monsters are
                  | visible. [a neqoxec]
110141 | Pan      | Noticed Mnoleg
110144 | Pan      | Killed Mnoleg
110156 | Pan      | Gained mutation: You are occasionally teleported next to
                  | monsters. [a cacodemon]
110198 | Pan      | Paralysed by a floating eye for 4 turns
110201 | Pan      | Gained mutation: Your spells are a little easier to cast,
                  | but a little less powerful. [a cacodemon]
110267 | Pan      | Identified the +1 crystal plate armour of Nyeqaympu {rCorr}
110288 | Pan      | Identified the +11 spear of Wu Jian {vorpal, Stlth+}
110293 | Pan      | Gained mutation: You have an uncontrollable temper. [a
                  | neqoxec]
110319 | Pan      | Gained mutation: You are frail. (-10% HP) [a neqoxec]
110323 | Pan      | Gained mutation: You are very dopey. (Int -4) [a cacodemon]
110552 | Pan      | Gained mutation: You are very clumsy. (Dex -4) [a neqoxec]
110553 | Pan      | Gained mutation: Your body sometimes deteriorates upon
                  | taking damage. [a neqoxec]
110572 | Pan      | Gained mutation: Potions cannot restore your health. [a
                  | cacodemon]
110578 | Pan      | Gained mutation: You sometimes lose the ability to read
                  | scrolls when taking damage. [a cacodemon]
110695 | Pan      | Gained mutation: You are very frail. (-20% HP) [a
                  | cacodemon]
110848 | Pan      | Got a glowing rune of Zot
110901 | Pan      | Lost mutation: You are very clumsy. (Dex -4) [potion of
                  | mutation]
110901 | Pan      | Lost mutation: Your body sometimes deteriorates upon taking
                  | damage. [potion of mutation]
110901 | Pan      | Lost mutation: You are clumsy. (Dex -2) [potion of
                  | mutation]
110901 | Pan      | Lost mutation: You are partially covered in iridescent
                  | scales. (AC +2) [potion of mutation]
110901 | Pan      | Lost mutation: You sometimes lose the ability to read
                  | scrolls when taking damage. [potion of mutation]
110901 | Pan      | Gained mutation: You are agile. (Dex +2) [potion of
                  | mutation]
110902 | Pan      | Lost mutation: You are agile. (Dex +2) [potion of mutation]
110902 | Pan      | Lost mutation: You have an uncontrollable temper. [potion
                  | of mutation]
110902 | Pan      | Lost mutation: You have a pair of small horns on your head.
                  | [potion of mutation]
110902 | Pan      | Gained mutation: You have sharp fingernails. [potion of
                  | mutation]
110903 | Pan      | Lost mutation: You are very frail. (-20% HP) [potion of
                  | mutation]
110903 | Pan      | Lost mutation: Your magical capacity is very low. (-20% MP)
                  | [potion of mutation]
110903 | Pan      | Lost mutation: Armour fits poorly on your strangely shaped
                  | body. [potion of mutation]
110903 | Pan      | Gained mutation: You are agile. (Dex +2) [potion of
                  | mutation]
110904 | Pan      | Lost mutation: Your spells are a little easier to cast, but
                  | a little less powerful. [potion of mutation]
110904 | Pan      | Lost mutation: Potions cannot restore your health. [potion
                  | of mutation]
110904 | Pan      | Lost mutation: You are frail. (-10% HP) [potion of
                  | mutation]
110904 | Pan      | Gained mutation: You passively map a small area around you.
                  | [potion of mutation]
110904 | Pan      | Gained mutation: Your flesh is cold resistant. (rC+)
                  | [potion of mutation]
110905 | Pan      | Lost mutation: You are agile. (Dex +2) [potion of mutation]
110905 | Pan      | Lost mutation: Your magical capacity is low. (-10% MP)
                  | [potion of mutation]
110905 | Pan      | Lost mutation: You do not regenerate when monsters are
                  | visible. [potion of mutation]
110905 | Pan      | Lost mutation: You are occasionally teleported next to
                  | monsters. [potion of mutation]
110917 | Pan      | Entered the realm of Lom Lobon.
112652 | Pan      | Found an exit through the horrors of the Abyss.
113273 | Pan      | Reached skill level 15 in Spellcasting
113966 | Pan      | Noticed Lom Lobon
113977 | Pan      | Got a magical rune of Zot
113980 | Pan      | Killed Lom Lobon
114931 | Pan      | Entered the realm of Cerebov.
115237 | Pan      | Found an exit through the horrors of the Abyss.
115449 | Pan      | Identified the ring of Zah Quhakk {Fly rF+ rN+}
115902 | Pan      | Identified Sif Muna's Collected Works on Supportive Heat
115918 | Pan      | Identified the Compendium of the Aerial Entourage
115970 | Pan      | Identified the +0 war axe of Execution {vorpal, *Noise
                  | rPois Will+}
115975 | Pan      | Found the +6 sword of Cerebov {flame}
115975 | Pan      | Noticed Cerebov
115995 | Pan      | Killed Cerebov
116015 | Pan      | Got a fiery rune of Zot
116290 | Pan      | Took an exit into the Abyss.
116290 | Abyss:1  | Escaped into the Abyss
116290 | Abyss:1  | Found a burning altar of Makhleb.
116290 | Abyss:1  | Found a bloodstained altar of Trog.
116290 | Abyss:1  | Found a white marble altar of Elyvilon.
116290 | Abyss:1  | Found a shadowy altar of Dithmenos.
116290 | Abyss:1  | Found a stormy altar of Qazlal.
116290 | Abyss:1  | Found a shimmering blue altar of Sif Muna.
116290 | Abyss:1  | Found a shimmering altar of Xom.
116290 | Abyss:1  | Found a glowing silver altar of Zin.
116290 | Abyss:1  | Found a sparkling altar of Nemelex Xobeh.
116290 | Abyss:1  | Found a blossoming altar of Fedhas.
116290 | Abyss:1  | Found a radiant altar of Vehumet.
116290 | Abyss:1  | Found a broken altar of Ashenzari.
116290 | Abyss:1  | Found a hazy altar of Hepliaklqana.
116290 | Abyss:1  | Found an iron altar of Okawaru.
116290 | Abyss:1  | Found a glowing golden altar of the Shining One.
116290 | Abyss:1  | Found a basalt altar of Yredelemnul.
116290 | Abyss:1  | Found a hide-covered altar of Uskayaw.
116290 | Abyss:1  | Found a corrupted altar of Lugonu.
116290 | Abyss:1  | Found an ancient bone altar of Kikubaaqudgha.
116348 | Depths:2 | Escaped the Abyss
116556 | Temple   | Entered the Ecumenical Temple
116970 | Tomb:1   | Entered Level 1 of the Tomb of the Ancients
117225 | Tomb:1   | Noticed Mara
117245 | Tomb:1   | Noticed Wyvernaa's illusion
117259 | Tomb:1   | Killed Mara
117359 | Tomb:1   | Noticed a royal mummy
117372 | Tomb:1   | Killed a royal mummy
117517 | Tomb:1   | Noticed a royal mummy
117540 | Tomb:1   | Killed a royal mummy
117778 | Tomb:1   | Learned a level 2 spell: Passwall
117838 | Tomb:2   | Noticed a royal mummy
117838 | Tomb:2   | Noticed a royal mummy
117845 | Tomb:2   | Noticed a royal mummy
117847 | Tomb:2   | Noticed a royal mummy
117861 | Tomb:2   | Killed a royal mummy
117867 | Tomb:2   | Killed a royal mummy
117868 | Tomb:2   | Killed a royal mummy
117873 | Tomb:2   | Killed a royal mummy
118236 | Tomb:1   | Noticed a royal mummy
118254 | Tomb:1   | Killed a royal mummy
118268 | Tomb:1   | Noticed a royal mummy
118271 | Tomb:1   | Noticed a royal mummy
118271 | Tomb:1   | Noticed a royal mummy
118279 | Tomb:1   | Killed a royal mummy
118291 | Tomb:1   | Killed a royal mummy
118307 | Tomb:1   | Killed a royal mummy
118398 | Tomb:1   | Noticed a royal mummy
118400 | Tomb:1   | Noticed a royal mummy
118407 | Tomb:1   | Killed a royal mummy
118412 | Tomb:1   | Killed a royal mummy
118478 | Tomb:1   | Noticed a royal mummy
118490 | Tomb:1   | Killed a royal mummy
118534 | Tomb:1   | Noticed a royal mummy
118534 | Tomb:1   | Noticed a royal mummy
118544 | Tomb:1   | Killed a royal mummy
118552 | Tomb:1   | Killed a royal mummy
118574 | Tomb:1   | Noticed a royal mummy
118584 | Tomb:1   | Killed a royal mummy
118648 | Tomb:1   | Noticed a royal mummy
118661 | Tomb:1   | Killed a royal mummy
118666 | Tomb:1   | Noticed a royal mummy
118675 | Tomb:1   | Killed a royal mummy
118750 | Tomb:1   | Noticed a royal mummy
118764 | Tomb:1   | Killed a royal mummy
118821 | Tomb:2   | Noticed a royal mummy
118832 | Tomb:2   | Lost intelligence.
118833 | Tomb:2   | Gained mutation: You are weak. (Str -2) [mutagenic glow]
118835 | Tomb:2   | Noticed Khufu
118838 | Tomb:2   | HP: 6/199 [death scarab (8)]
118839 | Tomb:2   | Noticed a royal mummy
118841 | Tomb:2   | Paralysed by a Zot trap for 3 turns
118841 | Tomb:2   | Gained mutation: You sometimes lose the ability to read
                  | scrolls when taking damage. [mutagenic glow]
118853 | Tomb:2   | Killed Khufu
118853 | Tomb:2   | HP: 6/199 [royal mummy/divine providence[Khufu] (7)]
118864 | Tomb:2   | Killed a royal mummy
118864 | Tomb:2   | Killed a royal mummy
118865 | Tomb:2   | Lost mutation: You have sharp fingernails. [potion of
                  | mutation]
118865 | Tomb:2   | Lost mutation: You have supernaturally acute eyesight.
                  | (SInv) [potion of mutation]
118865 | Tomb:2   | Lost mutation: You are very dopey. (Int -4) [potion of
                  | mutation]
118865 | Tomb:2   | Gained mutation: You occasionally shout uncontrollably at
                  | your foes. [potion of mutation]
118865 | Tomb:2   | Gained mutation: You are agile. (Dex +2) [potion of
                  | mutation]
118866 | Tomb:2   | Lost mutation: You are weak. (Str -2) [potion of mutation]
118866 | Tomb:2   | Lost mutation: Potions are less effective at restoring your
                  | health. [potion of mutation]
119003 | Tomb:3   | Entered Level 3 of the Tomb of the Ancients
119034 | Tomb:3   | Noticed a royal mummy
119036 | Tomb:3   | Noticed a royal mummy
119037 | Tomb:3   | Noticed a royal mummy
119038 | Tomb:3   | Killed a royal mummy
119038 | Tomb:3   | Killed a royal mummy
119041 | Tomb:3   | Noticed a royal mummy
119041 | Tomb:3   | Noticed a royal mummy
119045 | Tomb:3   | Killed a royal mummy
119045 | Tomb:3   | Killed a royal mummy
119045 | Tomb:3   | Noticed a royal mummy
119045 | Tomb:3   | Noticed a royal mummy
119046 | Tomb:3   | HP: 3/199 [royal mummy/divine providence (13)]
119047 | Tomb:3   | HP: 1/199 [royal mummy/divine providence (16)]
119049 | Tomb:3   | Noticed a royal mummy
119050 | Tomb:3   | Noticed a royal mummy
119052 | Tomb:3   | HP: 5/199 [royal mummy/divine providence (15)]
119052 | Tomb:3   | HP: 1/199 [spectral storm dragon[a revenant] (4)]
119052 | Tomb:3   | Slain by a spectral emperor scorpion

Illustrated notes

Levels and vault maps discovered:
D:1:      tarquinn_simple_flora_water_f, layout_loops_corners,
          ebering_ecumenical_altar_ruins, serial_glass, glass_columns_a,
          glass_columns_c, feat_on_display, feat_on_display, feat_on_display,
          due_unseen_surprise, minmay_rat_gold_closets
D:2:      layout_basic, basic_altar, uniq_natasha, uniq_crazy_yiuf_cottage
D:3:      layout_loops_ring, serial_bayou_lagoon_a
D:4:      layout_basic, nicolae_qazlal_eye_of_the_storm,
          nicolae_ru_path_of_blood
D:5:      layout_basic
D:6:      layout_loops_cross, ebering_ghost_xom, minivault_19
D:7:      layout_basic, zin_angel, minmay_temple_entry_poolview
D:8:      layout_loops_ring, amcnicky_altar_gilded, lemuel_flamethrower_2,
          uniq_psyche
D:9:      layout_basic
D:10:     layout_grid_maze, grunt_temple_overflow_lords_of_destruction,
          gammafunk_temple_overflow_statue
D:11:     layout_stronghold, lair_entry_dummy, david_orc_2,
          ashenzari_conservatory_becter
D:12:     layout_rooms, nicolae_hepliaklqana_hazy_memory
D:13:     layout_layer_cave, nicolae_trove_entry_free_sample,
          amcnicky_mini_pool_small
D:14:     kennysheep_big_flooded_room, layout_long_grid, david_vaults_4,
          gauntlet_entry_generic, minivault_24
D:15:     hangedman_slaughterboxes
Temple:   dpeg_chambers_temple
Lair:1:   layout_regular_city
Lair:2:   layout_big_grid
Lair:3:   statuecave_lemuel, layout_layer_cave, gammafunk_lair_bear_cave
Lair:4:   layout_gridlike, swamp_mist_pool, nicolae_spider_entry_orb_guardian,
          chequers_serial_rivers_micro_d, chequers_serial_rivers_large_a,
          nicolae_lair_grove_arrangements
Lair:5:   layout_loops_ring, minmay_slime_entry_oklob_open,
          grunt_forest_small_clearings, minmay_stone_trees_medium
Lair:6:   evilmike_catoblepas_cave, layout_hall_layers,
          chequers_serial_rivers_room_a, grunt_megastairs_4
Swamp:1:  layout_basic_swamp, lemuel_altar_in_water
Swamp:2:  layout_basic_swamp, evilmike_swamp_ruin_rubble_1, swamp_pool5,
          nicolae_swamp_round_clearing, wheals_swamp_sinkhole
Swamp:3:  layout_basic_swamp, nicolae_swamp_godswood,
          infiniplex_staircase_pool_2
Swamp:4:  swamp_alternative, layout_basic_swamp
Spider:1: cheibrodos_spider_deadly_dance, uniq_kirke
Spider:2: layout_chambers
Spider:3: layout_spider_delve, gammafunk_ghost_split,
          nicolae_spider_not_touching_you
Spider:4: guppyfry_spider_rune, portal_ice_cave_entry_ice_statue_two,
          uniq_arachne
Slime:1:  layout_caves
Slime:2:  layout_caves
Slime:3:  layout_caves, cheibrodos_slime_lost_civilization_6
Slime:4:  layout_caves
Slime:5
Orc:1:    layout_caves, minmay_orc_temple_b, uniq_erica
Orc:2:    st_orc_town, layout_caves, uniq_azrael
Elf:1:    eino_elf_arrival_altar, layout_loops_cross, serial_shops,
          nicolae_shop_crystal, hangedman_corner_corridor, minivault_24,
          hangedman_glass_teeth, minmay_misc_feat_cross
Elf:2:    layout_loops_cross, nicolae_rare_books, uniq_jorgrun
Elf:3:    grunt_elf_hall_spiral, layout_loops_corners, serial_shops,
          bzr_entry_road
Vaults:1: vaults_room_door_ring, nicolae_vaults_alarming, v_rooms_4,
          nicolae_vaults_little_squares_6, hangedman_vaults_trim,
          nicolae_vaults_yaktaur_gun_rack, v_alt_pattern_3,
          grunt_vaults_hallway_long, hangedman_vaults_stretched_pinwheel,
          vaults_room_stairs_pillars, v_misc_16, ontoclasm_vaults_gallery,
          layout_vaults_omnicross, serial_shops, shop
Vaults:2: nicolae_vaults_windows_and_doors_thing, nicolae_vaults_little_ls,
          nicolae_vaults_little_squares_4, nicolae_vaults_little_squares_5,
          nicolae_vaults_statue_guard, vaults_mumra_chevron, v_alt_pattern_4,
          vaults_standard_mumra_x, vaults_mumra_minichess, v_misc_26,
          vaults_room_pools, nicolae_vaults_ring_of_whatevers,
          nicolae_vaults_network_quinsquares
          [nicolae_vaults_network_quincunx_subvault,
          nicolae_vaults_network_quincunx_subvault,
          nicolae_vaults_network_quincunx_subvault,
          nicolae_vaults_network_quincunx_subvault], hangedman_vaults_maws,
          v_alt_pattern_4, nicolae_vaults_asterisk, v_misc_25, vaults_mumra_lcd,
          layout_vaults_omnibox, serial_shops, shop
Vaults:3: minmay_crypt_entry_simple_corners, v_misc_5,
          ontoclasm_vaults_decontamination, hangedman_vaults_cutoff,
          vaults_mumra_chevron_long, nicolae_vaults_what_the_h,
          nicolae_vaults_theta, serial_ice_m, dpeg_vaults_monster_box,
          layout_vaults_omnigrid
Vaults:4: ontoclasm_vaults_ring_small, vaults_room_grunt_arrival_ludios,
          hangedman_vaults_hat, nicolae_vaults_network_s, vaults_dpeg_hooks,
          vaults_room_pools, nicolae_vaults_rhombus_5, nicolae_vaults_arrows,
          vaults_room_hallway, nicolae_vaults_asterisk, v_alt_pattern_1,
          dpeg_vaults_pockets_of_resistance, layout_vaults_maze_bifur,
          serial_shops, shop
Vaults:5
Crypt:1:  layout_regular_city, minivault_19, palyth_stone_intersect,
          glass_columns_a, hangedman_blasphemy
Crypt:2:  layout_regular_city, library_closet, hangedman_weighted_door,
          serial_sigils_hangedman_etch
Crypt:3:  david_glass_crypt, layout_chaotic_city, tomb_entry_sphere_bobbens,
          ebering_ghost_inner_flame, chequers_big_river
Tomb:1:   uniq_mara
Tomb:2:   uniq_khufu
Tomb:3
Depths:1: layout_cave_shapes, enter_ziggurat_a, gammafunk_ghost_ooze,
          hell_entry, kiku_gazebo_garden_becter, grunt_megastairs_5,
          uniq_asterion
Depths:2: gammafunk_sealed_library, layout_honeycomb, pf_hell_entry_tar_spiral,
          nrook_mini_vaults, serial_shops, shop, pan_entry,
          minmay_misc_feat_square, lightli_giant_bouncers
Depths:3: minmay_isolated_rectangles_in_corner, layout_gridville,
          nrook_mini_backslash, rand_demon_pan_entry_8, pf_coc_iceberg,
          kennysheep_random_hallway, serial_bayou_shore_b,
          infiniplex_staircase_trident, uniq_bai_suzhen, uniq_frederick,
          uniq_aizul
Depths:4: hangedman_hanging_gardens, layout_gridlike, hell_entry,
          grunt_gozag_statues, abyss_entry_glasseish, dancing_weapons_uskayaw
Depths:5: evilmike_zot_entry_diamond, layout_honeycomb, serial_shops,
          bzr_entry_islet, doesnt_xom_only_xom, grunt_hell_entry_dis_grunt,
          grunt_potential, uniq_mennas
Hell
Dis:1:    layout_gridville
Dis:2:    kennysheep_iron_temple, layout_regular_city
Dis:3:    layout_jigsaw
Dis:4:    layout_regular_city, hangedman_dis_decor_blocks_mantle
Dis:5:    layout_subdivisions
Dis:6:    layout_jigsaw, evilmike_ambush [evilmike_ambush_outer_basic,
          evilmike_ambush_inner_wall_1]
Dis:7:    iron_city_of_dis [dis_mu, dis_wall_7], layout_chaotic_city,
          nicolae_dis_lava_storage_tank
Geh:1:    layout_gehenna_lava_caves
Geh:2:    layout_gehenna_pools_triple
Geh:3:    layout_gehenna_lava_caves
Geh:4:    layout_gehenna_pools_box
Geh:5:    layout_gehenna_pools_box, nicolae_geh_single_fiery_grave
Geh:6:    layout_gehenna_pools_triple, nicolae_geh_single_fiery_grave
Geh:7:    geh_grunt_pentagon
Coc:1:    layout_cocytus_water_paths
Coc:2:    layout_cocytus_water_paths
Coc:3:    layout_ice_bergs
Coc:4:    layout_ice_bergs
Coc:5:    layout_ice_bergs
Coc:6:    layout_cocytus_water_paths
Coc:7:    coc_hangedman
Tar:1:    layout_cathedral_of_symmetry, hangedman_restless_catacombs,
          grunt_megastairs_2
Tar:2:    layout_grid_maze
Tar:3:    layout_grid_maze
Tar:4:    layout_cathedral_of_symmetry
Tar:5:    layout_cathedral_of_symmetry
Tar:6:    layout_grid_maze, nicolae_tar_cuneiform_sun
Tar:7:    tar_grunt_cathedral
Zot:1:    layout_misc_corridors
Zot:2:    ebering_klown_carousel, layout_onion
Zot:3:    layout_concentric_octagons, st_stairs_5, grunt_megastairs_1
Zot:4:    lemuel_halls_of_wrath, layout_cellular_growth,
          st_large_dragon_hoard_4, grunt_megastairs_3
Zot:5:    layout_cathedral_of_symmetry

Skill      XL: |  1  2  3  4  5  6  7  8  9 10 11 12 13 14 15 16 17 18 19 20 21 22 23 24 25 26 27 |
---------------+----------------------------------------------------------------------------------+-----
Maces & Flails | 3 4 5 7 8 10 11 13 14 15 16 | 16.0
Shields        | 4 5 6 7 9 11 12 14 16 17 19 20 21 22 23 24 25 27 | 27.0
Armour         | 4 5 6 7 8 9 10 11 12 13 14 15 16 27 | 27.0
Fighting       | 4 5 6 7 8 9 10 11 12 13 14 15 16 17 18 19 20 21 27 | 27.0
Dodging        | 1 2 3 4 5 7 8 9 10 11 12 14 16 26 | 26.6
Stealth        | 1 2 3 4 |  4.5
Invocations    | 3 6 8 9 11 12 13 14 15 16 17 18 27 | 27.0
Evocations     | 4 5 7 8 9 10 11 12 26 | 26.1
Spellcasting   | 18 | 18.3
Short Blades   | |  0.3
Long Blades    | |  0.1
Slings         | |  0.5
Bows           | |  0.2
Crossbows      | |  0.5
Hexes          | |  0.4
Summonings     | |  0.5
Necromancy     | |  0.2
Translocations | |  0.1
Fire Magic     | |  0.6
Ice Magic      | |  0.1
Air Magic      | |  0.5
Earth Magic    | |  0.1

Action                   |  1- 3 |  4- 6 |  7- 9 | 10-12 | 13-15 | 16-18 | 19-21 | 22-24 | 25-27 || total
-------------------------+-------+-------+-------+-------+-------+-------+-------+-------+-------++-------
Melee: Flail             |   123 |       |       |       |       |       |       |       |       ||   123
       Mace              |    26 |   151 |   250 |   692 |  1067 |  1789 |   443 |       |       ||  4418
       Eveningstar       |       |       |       |       |       |       |   987 |  1470 | 10014 || 12471
       Headbutt          |       |       |       |       |       |       |       |       |  2373 ||  2373
Throw: Boomerang         |       |       |       |     1 |       |       |       |       |       ||     1
Invok: Upheaval          |       |       |       |     2 |       |     1 |     5 |     4 |    12 ||    24
       Disaster Area     |       |       |       |       |     1 |       |     1 |     5 |    48 ||    55
       Elemental Force   |       |       |       |       |       |       |     2 |     1 |    11 ||    14
Evoke: Wand              |       |       |       |     1 |       |       |       |     1 |    23 ||    25
       Phantom mirror    |       |       |       |       |       |       |       |       |     1 ||     1
  Use: Scroll            |     1 |     4 |     6 |    22 |     8 |     9 |     1 |     9 |    48 ||   108
       Potion            |       |     1 |       |     6 |       |     2 |       |     1 |    44 ||    54
 Stab: Paralysed         |       |       |       |       |       |       |     4 |       |    15 ||    19
       Distracted        |       |       |       |       |       |       |     1 |     1 |     1 ||     3
       Invisible         |       |       |       |       |       |       |       |       |     1 ||     1
Armor: Scale mail        |    75 |    75 |   143 |   234 |    87 |       |       |       |       ||   614
       Ring mail         |       |       |       |       |   220 |   645 |   256 |   260 |   143 ||  1524
       Gold dragon scale |       |       |       |       |       |       |       |       |  2953 ||  2953
Dodge: Dodged            |    46 |    42 |    70 |   171 |   348 |   863 |   430 |   323 |  3339 ||  5632
       Repelled          |       |       |       |       |     5 |     6 |    13 |    10 |   201 ||   235
Block: Kite shield       |    79 |    70 |   136 |   533 |   948 |   489 |       |       |       ||  2255
       Reflection        |       |       |       |     7 |       |       |       |       |       ||     7
       Tower shield      |       |       |       |       |       |  2343 |  1855 |  2040 | 14817 || 21055

Table legend: (Time is in decaauts)
 A = Elapsed time spent in this place.
 B = Non-inter-level travel time spent in this place.
 C = Inter-level travel time spent in this place.
 D = Time resting spent in this place.
 E = Time spent auto-exploring this place.
 F = Levels seen in this place.
 G = Mean time per level.
                   A        B        C        D        E       F      G
               +--------+--------+--------+--------+--------+-----+--------+
         Total | 115902 | 107236 |   8666 |  27505 |  40771 | 108 | 1073.2 |
       Dungeon |  23544 |  19687 |   3857 |   4168 |  10051 |  15 | 1569.6 |
        Temple |      3 |      3 |      0 |      0 |      0 |   1 |    3.0 |
          Lair |  11547 |  10363 |   1184 |   4012 |   4616 |   6 | 1924.5 |
         Swamp |   4946 |   4826 |    120 |   1996 |   1624 |   4 | 1236.5 |
   Spider Nest |   7120 |   6888 |    232 |   2528 |   2189 |   4 | 1780.0 |
    Slime Pits |   2391 |   2294 |     97 |    529 |    856 |   5 |  478.2 |
  Orcish Mines |   3214 |   2851 |    363 |    788 |    957 |   2 | 1607.0 |
   Elven Halls |   3917 |   3670 |    247 |    236 |   2248 |   3 | 1305.7 |
        Vaults |  11820 |  10908 |    912 |   3380 |   4675 |   5 | 2364.0 |
         Crypt |   4289 |   4021 |    268 |    995 |   1609 |   3 | 1429.7 |
          Tomb |   2146 |   2143 |      3 |    290 |    284 |   3 |  715.3 |
        Depths |   8156 |   7288 |    868 |   2017 |   3367 |   5 | 1631.2 |
          Hell |    867 |    840 |     27 |     21 |    376 |   1 |  867.0 |
           Dis |   2871 |   2789 |     82 |    120 |    820 |   7 |  410.1 |
       Gehenna |   1688 |   1688 |      0 |     64 |      0 |   7 |  241.1 |
       Cocytus |   1790 |   1735 |     55 |     68 |    365 |   7 |  255.7 |
      Tartarus |   1211 |   1150 |     61 |     71 |     28 |   7 |  173.0 |
           Zot |   8552 |   8267 |    285 |   2607 |   2226 |   5 | 1710.4 |
         Abyss |   1536 |   1536 |      0 |     43 |     40 |   4 |  384.0 |
   Pandemonium |  12376 |  12376 |      0 |   2385 |   4338 |  10 | 1237.6 |
        Bazaar |    601 |    601 |      0 |    329 |    100 |   2 |  300.5 |
         Trove |     91 |     91 |      0 |      0 |      0 |   1 |   91.0 |
      Gauntlet |   1213 |   1213 |      0 |    853 |      0 |   1 | 1213.0 |
               +--------+--------+--------+--------+--------+-----+--------+

Top non-repeatable levels by time:
  Lair:4: 4046 daAuts
Vaults:4: 3935 daAuts
Spider:3: 3835 daAuts
    D:15: 3177 daAuts
   Zot:5: 2742 daAuts
   Orc:2: 2381 daAuts
Vaults:5: 2223 daAuts
    D:11: 2133 daAuts
Depths:3: 2091 daAuts
Vaults:3: 2091 daAuts
     D:9: 2067 daAuts
   Zot:4: 2067 daAuts
  Lair:6: 2053 daAuts
    D:13: 1909 daAuts
Vaults:1: 1857 daAuts
